 Dungeon Crawl Stone Soup version 0.25-b1-39-g0d900dab71 (webtiles) character file.

Game seed: 9759100250558916729

6780 raph the Destroyer (level 10, -4/54 HPs)
             Began as a Deep Elf Wizard on June 7, 2020.
             Was a Priest of Sif Muna.
             Slain by an orc warrior
             ... wielding a +0 halberd
              (12 damage)
             ... on level 10 of the Dungeon.
             The game lasted 00:50:58 (16445 turns).

raph the Destroyer (Deep Elf Wizard)               Turns: 16445, Time: 00:50:59

Health: -4/54      AC: 15    Str:  6    XL:     10   Next: 76%
Magic:  8/25       EV: 13    Int: 30    God:    Sif Muna [***...]
Gold:   259        SH:  0    Dex: 13    Spells: 3/27 levels left

rFire    . . .     SeeInvis .   w - +2 short sword (venom)
rCold    + + .     Gourm    .   (no shield)
rNeg     + . .     Faith    +   v - +3 leather armour of Beakk {Int+5}
rPois    .         Spirit   .   b - +1 hat
rElec    .         Reflect  .   (no cloak)
rCorr    .         Harm     .   j - +1 pair of gloves
MR       +....                  I - +1 pair of boots
Stlth    +++.......             M - amulet of faith
HPRegen  0.18/turn              p - +4 ring of protection
MPRegen  0.19/turn              o - ring of the Catfish {+Blink +Fly rC++ rN+}

@: no status effects
A: no striking features
a: Channel Magic, Forget Spell, Renounce Religion, Evoke Blink, Evoke Flight


You were on level 10 of the Dungeon.
You worshipped Sif Muna.
Sif Muna was most pleased with you.
You were not hungry.

You visited 3 branches of the dungeon, and saw 12 of its levels.

You collected 581 gold pieces.
You spent 322 gold pieces at shops.

Inventory:

Hand Weapons
 a - a +0 dagger of venom
 g - a +0 spear
 w - a +2 short sword of venom (weapon)
 x - a +0 rapier
Missiles
 c - 339 stones
 t - 23 boomerangs (quivered)
 z - 55 poisoned darts
Armour
 b - a +1 hat (worn)
 j - a +1 pair of gloves (worn)
 v - the +3 leather armour of Beakk (worn) {Int+5}
   (You bought it in a shop on level 4 of the Dungeon)

   It affects your intelligence (+5).
 I - a +1 pair of boots (worn)
Jewellery
 l - an uncursed amulet of guardian spirit
 o - the ring of the Catfish (right hand) {+Blink +Fly rC++ rN+}
   (You found it on level 8 of the Dungeon)

   [ring of positive energy]

   It greatly protects you from cold.
   It protects you from negative energy.
   It lets you fly.
   It lets you blink.
 p - a +4 ring of protection (left hand)
 q - an uncursed ring of resist corrosion
 y - an uncursed ring of protection from cold
 D - an uncursed ring of see invisible
 M - an amulet of faith (around neck)
Wands
 A - a wand of digging (4)
 C - a wand of flame (26)
 E - a wand of acid (8)
 K - a wand of iceblast (7)
Scrolls
 m - 3 scrolls of immolation
 u - 2 scrolls of remove curse
 B - 6 scrolls of teleportation
 G - a scroll of fear
 H - a scroll of fog
Potions
 e - 4 potions of stabbing
 f - a potion of haste
 h - a potion of lignification
 i - 2 potions of brilliance
 k - 4 potions of curing
 n - 2 potions of resistance
 r - a potion of cancellation {unknown}
 s - 4 potions of flight
 F - a potion of might {unknown}
 J - a potion of invisibility
 L - a potion of mutation
Comestibles
 d - 17 rations
 N - 9 chunks of flesh


   Skills:
 + Level 2.3 Fighting
 + Level 2.7 Armour
 + Level 4.6 Dodging
 + Level 5.0 Stealth
 - Level 9.2 Spellcasting
 * Level 10.1 Conjurations
 - Level 3.5 Summonings
 + Level 6.4 Translocations
 - Level 3.8 Fire Magic
 - Level 3.6 Air Magic
 - Level 3.9 Poison Magic
 * Level 4.1 Invocations


You had 3 spell levels left.
You knew the following spells:

 Your Spells              Type           Power        Failure   Level  Hunger
a - Magic Dart            Conj           ####         1%          1    None
b - Blink                 Tloc           N/A          1%          2    None
c - Call Imp              Summ           #####...     1%          2    None
d - Conjure Flame         Conj/Fire      ######..     1%          3    None
e - Mephitic Cloud        Conj/Pois/Air  #####...     1%          3    None
f - Searing Ray           Conj           ######       1%          2    None
g - Iskenderun's Mystic   Conj/Tloc      ######..     1%          4    None
h - Dazzling Flash        Conj/Hex       #####.       2%          3    None
i - Fulminant Prism       Conj/Hex       #####.....   7%          4    None

Your spell library contained the following spells:

 Spells                   Type           Power        Failure   Level  Hunger
 Slow                     Hex            ##......     9%          2    None


Dungeon Overview and Level Annotations

Branches:
Dungeon (10/15)            Temple (1/1) D:7             Orc (1/2) D:9
   Lair: D:8-11

Altars:
Ashenzari
Cheibriados
Dithmenos
Elyvilon
Fedhas
Gozag
Hepliaklqana
Kikubaaqudgha
Makhleb
Nemelex Xobeh
Okawaru
Qazlal
Ru
Sif Muna
Trog
Uskayaw
Vehumet
Wu Jian
Xom
Yredelemnul
Zin
The Shining One

Shops:
D:4 [   D:6 }   D:7 %


Message History

Aim: a wight, wielding a +5 mace and wearing a +0 robe The searing ray hits the orc warrior but does no damage.
The orc warrior is moderately wounded. (Press . to maintain the ray.)
The orc warrior hits you from afar with a +0 halberd!
The searing ray hits the orc warrior!
The orc warrior is severely wounded.
The searing ray hits the wight!
The wight is severely damaged.
The orc warrior hits you from afar with a +0 halberd!
The searing ray hits the wight.
You destroy the wight!
Sif Muna accepts your kill.
The orc warrior hits you but does no damage.
The orc wizard begins to cast a cantrip, but forgets the words!
You finish channeling your searing ray.
The orc warrior hits you from afar with a +0 halberd!
* * * LOW HITPOINT WARNING * * *
The orc warrior hits you from afar with a +0 halberd!
You die...

.#........##...###...#
.#####.'###.#...##...#
.........##..#..##)..##
.........##...#5##<...#
.........###...##.))..#
.........###....#.o...#
.........##...#..#o...###
.........##..#....#.....#
.........##.#...@..#....#
.........##....##...##..#
..........########### ..#
..))..#######....... .#
.[.)..#.....#.....# ##
..)...'.....#.....#
......#.....'.....#
......#.....#.....#
#.....+.....#.....#


You could see an orc warrior and an orc wizard.

Vanquished Creatures
  A two-headed ogre (D:7)
  Sigmund (D:2)
  A wraith (D:10)
  Eustachio (D:4)
  A wyvern (D:9)
  A hog (D:7)
  A hungry ghost (D:8)
  3 yaks (D:7)
  A human (D:7)
  2 sky beasts
  5 orc warriors (D:9)
  3 ice beasts
  3 black bears
  A phantom (D:4)
  5 ogres
  An eye of draining (D:8)
  A crocodile (D:8)
  9 bullfrogs
  3 big kobolds
  A scorpion (D:4)
  7 electric eels (D:8)
  4 wights (D:10)
  A howler monkey (D:4)
  5 crimson imps
  A bullfrog zombie (D:6)
  A centaur zombie (D:6)
  A quasit (D:6)
  8 orc priests
  2 jellies
  8 orc wizards
  Terence (D:3)
  5 iguanas
  Natasha (twice) (D:2)
  5 worker ants
  2 worker ant zombies (D:9)
  A howler monkey zombie (D:8)
  10 adders
  A shadow imp (D:9)
  An ooze (D:7)
  An adder skeleton (D:5)
  An adder zombie (D:7)
  2 worms
  A dart slug (D:1)
  9 leopard geckos
  60 orcs
  2 giant cockroaches (D:1)
  14 goblins
  10 hobgoblins
  18 jackals
  4 quokkas
  3 ball pythons
  A ball python skeleton (D:5)
  2 bats (D:1)
  2 frilled lizards
  20 kobolds
  2 rats
  A plant (D:8)
264 creatures vanquished.

Vanquished Creatures (collateral kills)
  2 howler monkeys (D:4)
  A crimson imp (D:6)
  A hound (D:5)
  3 orc wizards
  An orc priest (D:5)
  An iguana (D:5)
  A worker ant (D:5)
  Natasha (D:2)
  A hound skeleton (D:4)
  A worm (D:2)
  8 orcs
  A ball python (D:4)
  3 jackals (D:1)
25 creatures vanquished.

Vanquished Creatures (others)
  14 fulminant prisms
  33 plants (D:8)
47 creatures vanquished.

Grand Total: 336 creatures vanquished

Notes
Turn   | Place    | Note
-------+----------+-------------------------------------------
     0 | D:1      | raph the Deep Elf Wizard began the quest for the Orb.
     0 | D:1      | Reached XP level 1. HP: 10/10 MP: 7/7
   249 | D:1      | Reached skill level 2 in Conjurations
   249 | D:1      | Reached XP level 2. HP: 15/15 MP: 3/9
   771 | D:1      | Learned a level 2 spell: Blink
   774 | D:1      | Learned a level 2 spell: Call Imp
  1140 | D:1      | Reached XP level 3. HP: 19/19 MP: 8/11
  1168 | D:1      | Learned a level 3 spell: Conjure Flame
  1172 | D:1      | Learned a level 3 spell: Mephitic Cloud
  1451 | D:1      | Reached skill level 5 in Spellcasting
  1772 | D:2      | Reached skill level 3 in Conjurations
  1824 | D:2      | Found a faded altar of an unknown god.
  2077 | D:2      | Found a hide-covered altar of Uskayaw.
  2077 | D:2      | Found a glowing silver altar of Zin.
  2117 | D:2      | Noticed Sigmund
  2238 | D:2      | Noticed Natasha
  2246 | D:2      | Killed Natasha
  2246 | D:2      | Reached XP level 4. HP: 22/24 MP: 4/13
  2335 | D:2      | Noticed Natasha
  2344 | D:2      | Killed Natasha
  2403 | D:3      | Reached skill level 1 in Fire Magic
  2403 | D:3      | Reached skill level 1 in Air Magic
  2403 | D:3      | Reached skill level 1 in Poison Magic
  2537 | D:3      | Noticed Terence
  2543 | D:3      | Killed Terence
  2543 | D:3      | Reached XP level 5. HP: 28/28 MP: 7/14
  2662 | D:3      | Found a snail-covered altar of Cheibriados.
  2957 | D:3      | Reached skill level 4 in Conjurations
  3354 | D:3      | Reached XP level 6. HP: 32/32 MP: 13/16
  4014 | D:4      | Found Oleapig Paes's Antique Armour Boutique.
  4479 | D:4      | Bought a polished leather armour for 196 gold pieces
  4489 | D:4      | Identified the +3 leather armour of Beakk {Int+5} (You
                  | bought it in a shop on level 4 of the Dungeon)
  4680 | D:4      | Noticed Eustachio
  4691 | D:4      | Killed Eustachio
  4691 | D:4      | Reached XP level 7. HP: 26/36 MP: 0/17
  5492 | D:5      | Entered Level 5 of the Dungeon
  5559 | D:5      | Reached skill level 1 in Armour
  7507 | D:6      | Learned a level 2 spell: Searing Ray
  7697 | D:6      | Learned a level 4 spell: Iskenderun's Mystic Blast
  7766 | D:6      | Reached XP level 8. HP: 41/41 MP: 7/18
  8682 | D:6      | Found Giabag's Gadget Shop.
  8951 | D:7      | Found Ewotaof's Food Boutique.
  8970 | D:7      | Found a staircase to the Ecumenical Temple.
  8979 | Temple   | Entered the Ecumenical Temple
  9146 | Temple   | Became a worshipper of Sif Muna the Loreminder
  9202 | D:7      | Reached skill level 5 in Conjurations
  9523 | D:7      | Learned a level 3 spell: Dazzling Flash
  9598 | D:7      | Reached skill level 6 in Conjurations
  9668 | D:7      | Noticed a two-headed ogre
  9714 | D:7      | Killed a two-headed ogre
  9714 | D:7      | Reached skill level 7 in Conjurations
  9714 | D:7      | Reached XP level 9. HP: 45/45 MP: 1/22
 10198 | D:4      | Bought a pair of boots for 126 gold pieces
 10405 | D:2      | Killed Sigmund
 10690 | D:2      | Noticed Natasha
 10695 | D:2      | Killed Natasha
 11029 | D:7      | Found a radiant altar of Vehumet.
 11217 | D:7      | Reached skill level 8 in Conjurations
 11224 | D:7      | Reached skill level 5 in Translocations
 11231 | D:7      | Reached * piety under Sif Muna
 11799 | D:8      | Reached skill level 9 in Conjurations
 11907 | D:8      | Got an ancient silver ring
 11909 | D:8      | Identified the ring of the Catfish {+Blink +Fly rC++ rN+}
                  | (You found it on level 8 of the Dungeon)
 12148 | D:8      | Reached skill level 1 in Invocations
 12246 | D:8      | Reached skill level 1 in Fighting
 12572 | D:8      | Reached XP level 10. HP: 52/52 MP: 15/25
 12632 | D:8      | Learned a level 4 spell: Fulminant Prism
 14698 | D:9      | Reached ** piety under Sif Muna
 15157 | D:9      | Found a staircase to the Orcish Mines.
 15840 | Orc:1    | Entered Level 1 of the Orcish Mines
 15867 | D:10     | Entered Level 10 of the Dungeon
 15969 | D:10     | Reached skill level 10 in Conjurations
 15969 | D:10     | Noticed a two-headed ogre
 15973 | D:10     | Reached *** piety under Sif Muna
 16435 | D:10     | Reached skill level 5 in Stealth
 16445 | D:10     | Slain by an orc warrior

Illustrated notes

Levels and vault maps discovered:
D:1:      dpeg_arrival_signposts, layout_basic
D:2:      layout_basic, gammafunk_temple_overflow_wave, first_ration,
          chequers_ecumenical_altar_simple_redux, uniq_sigmund, uniq_natasha
D:3:      layout_loops_corners, lemuel_doored_altar, solitary_fountain,
          minmay_goblin_outpost, uniq_terence
D:4:      layout_cave_pods, serial_rivers, chequers_serial_rivers_small_b,
          chequers_serial_rivers_small_b, chequers_serial_rivers_large_b,
          chequers_serial_rivers_micro_c, kennysheep_windowed_goal,
          uniq_eustachio
D:5:      layout_basic, grunt_ministairs_2
D:6:      layout_loops_cross, serial_shops, shop_statue
D:7:      layout_loops_cross, nicolae_overflow_hidden_temple, temple_green,
          serial_shops, shop, grunt_livestock, minmay_chambers_of_fives
D:8:      layout_loops_corners, serial_bayou, serial_bayou_pond_c,
          serial_bayou_lagoon_a, serial_bayou_pond_d, serial_bayou_pond_b,
          serial_bayou_ford_a
D:9:      layout_roguey, erik_orc_4, mumra_transporter_accident
D:10:     layout_irregular_city, dpeg_oklobed_lair, hangedman_decor_slide_cut,
          kennysheep_potato
Temple:   regret_index_temple_mists
Orc:1:    layout_caves, gammafunk_ghost_split

Skill      XL: |  1  2  3  4  5  6  7  8  9 10 |
---------------+-------------------------------+-----
Conjurations   | 2 3 4 7 9 10 | 10.1
Spellcasting   | 5 7 9 |  9.2
Fire Magic     | 1 2 3 |  3.8
Air Magic      | 1 3 |  3.6
Poison Magic   | 1 2 3 |  3.9
Summonings     | 2 3 |  3.5
Armour         | 1 2 |  2.7
Translocations | 4 5 6 |  6.4
Dodging        | 3 4 |  4.6
Stealth        | 3 5 |  5.0
Invocations    | 1 4 |  4.1
Fighting       | 1 2 |  2.3

Action                   |  1- 3 |  4- 6 |  7- 9 | 10-12 || total
-------------------------+-------+-------+-------+-------++-------
Melee: Spear             |    27 |     5 |       |       ||    32
       Rapier            |       |       |    11 |       ||    11
       Dagger            |       |       |     5 |       ||     5
       Short sword       |       |       |    21 |    24 ||    45
Throw: Boomerang         |       |     1 |       |       ||     1
 Cast: Magic Dart        |    90 |   111 |   136 |    81 ||   418
       Call Imp          |     5 |    11 |    25 |     3 ||    44
       Mephitic Cloud    |       |     2 |     2 |     2 ||     6
       Conjure Flame     |       |     2 |     8 |     7 ||    17
       Searing Ray       |       |       |    24 |    38 ||    62
       Blink             |       |       |     1 |       ||     1
       Iskenderun's Myst |       |       |    20 |    15 ||    35
       Dazzling Flash    |       |       |     2 |     4 ||     6
       Fulminant Prism   |       |       |       |    14 ||    14
Invok: Channel Magic     |       |       |       |     1 ||     1
  Use: Scroll            |     1 |    10 |     8 |     5 ||    24
 Stab: Sleeping          |       |       |     5 |       ||     5
       Confused          |       |       |       |     1 ||     1
  Eat: Chunk             |     4 |     7 |    21 |    10 ||    42
       Ration            |       |       |     1 |     1 ||     2
Armor: Robe              |    16 |     4 |       |       ||    20
       Leather armour    |       |     2 |    50 |    27 ||    79
Dodge: Dodged            |    54 |    15 |    95 |    41 ||   205
